 Dungeon Crawl Stone Soup version 0.31.0-11-ge490571c62 (webtiles) character file.

Game seed: 14516293104254210497

4 browni3141 the Slasher (level 1, -1/19 HPs)
             Began as a Barachi Monk on Feb 2, 2024.
             Slain by Grinder (9 damage)
             ... on level 3 of the Dungeon.
             The game lasted 00:00:48 (83 turns).

browni3141 the Slasher (Barachi Monk)                 Turns: 83, Time: 00:00:48

Health: -1/19      AC:  2    Str: 12    XL:     1   Next: 70%
Magic:  1/1        EV: 13    Int: 10    God:
Gold:   0          SH:  0    Dex: 14    Spells: 0/0 levels left

rFire   + . .        a - +0 falchion
rCold   + . .        d - orb {light}
rNeg    . . .        b - +0 robe
rPois   +            (no helmet)
rElec   +            (no cloak)
rCorr   +            (no gloves)
SInv    .            (no boots)
Will    .....        (no amulet)
Stlth   +            (no ring)
HPRegen 0.23/turn    (no ring)
MPRegen 0.07/turn

%: no passive effects
@: resistant, glowing, slow
A: amphibious, slowness 1, strong legs 1, +LOS
a: Hop


You were on level 3 of the Dungeon.
You visited 1 branch of the dungeon, and saw 3 of its levels.

Inventory:

Hand Weapons
 a - a +0 falchion (weapon)
Armour
 b - a +0 robe (worn)
 d - an orb of light (worn)
Scrolls
 f - a scroll of summoning {unknown}
 h - a scroll of amnesia {unknown}
Potions
 c - a potion of ambrosia


   Skills:
 + Level 3.7 Fighting
 * Level 3.8 Long Blades
 + Level 3.4 Dodging


You couldn't memorise any spells.
You didn't know any spells.
Your spell library was empty.

Dungeon Overview and Level Annotations

Branches:
Dungeon (3/15)

Altars:

Annotations:
D:3 Grinder


Innate Abilities, Weirdness & Mutations

You are amphibious.
You cover ground slowly.
You can hop short distances.
You have an extended range of vision and can be seen from far away.


Message History

Welcome, browni3141 the Barachi Monk.
Below lies the Orb of Zot, rumoured to be powerful enough to resurrect a god...
Press ? for a list of commands and other information.
Found a silvery potion.
Found a staircase leading out of the dungeon.
Setting a skill training target for Axes at 18.0.
Setting a skill training target for Invocations at 14.0.
Setting a skill training target for Throwing at 11.0.
e - a silvery potion
There are no items here.
You open the door.
Hop to where?
Press: ? - help, Dir - move target Boing!
An endoplasm comes into view.
The endoplasm quivers.
A goblin comes into view. It is wielding a +0 club.
Found a scroll labelled JYOLIUGYCE.
Found a stone staircase leading down.
The goblin shouts!
The endoplasm freezes you.
You are frozen.
You hit the endoplasm.
The endoplasm is almost dead.
The endoplasm closely misses you.
You slash the endoplasm!
You kill the endoplasm!
The goblin barely misses you.
You hit the goblin.
You kill the goblin!
You see here a +0 club.
f - a scroll labelled JYOLIUGYCE
g - a fizzy white potion Autopickup is now off.
You see here a scroll labelled SURUVV FIYTTA.
h - a scroll labelled SURUVV FIYTTA
Found a stone staircase leading down.
There is a stone staircase leading down here.
You climb downwards.
Found 5 javelins.
Found an escape hatch in the floor and an escape hatch in the ceiling.
There is a stone staircase leading up here.
A goblin comes into view. It is wielding a +0 dagger.
The quokka barely misses you.
You see here 5 javelins.
You hit the quokka.
You kill the quokka!
Found a stone staircase leading down.
The goblin hits you with a +0 dagger.
You hit the goblin.
You kill the goblin!
There is a stone staircase leading down here.
You are ready to hop once more.
You climb downwards.
There is a stone staircase leading up here.
Grinder comes into view.
Grinder shouts!
Okay, then.
It was a potion of resistance.
You feel protected.
Grinder blinks!
It was a potion of heal wounds.
You feel much better. Grinder hits you.
You hit Grinder.
Grinder is lightly wounded.
Grinder barely misses you.
You hit Grinder.
Grinder is lightly wounded.
Grinder closely misses you.
You hit Grinder.
Grinder is moderately wounded.
Grinder gestures at you. Pain shoots through your body!
You hit Grinder but do no damage.
Grinder is moderately wounded.
Grinder hits you but does no damage.
You barely miss Grinder.
Grinder is lightly wounded.
Grinder hits you!
You die...
Grinder sighs, "Dead already?
I want a refund."

#...# #.###
#.# #.# #.#
#######.#
#.......####
#.####.....+
#@##### #5#
... #....
.[....
##....#.
#....#.#
###### #


You could see Grinder.

Vanquished Creatures
  An endoplasm (D:1)
  A quokka (D:2)
  2 goblins
4 creatures vanquished.

Notes
Turn   | Place    | Note
-------+----------+-------------------------------------------
     0 | D:1      | browni3141 the Barachi Monk began the quest for the Orb.
     0 | D:1      | Reached XP level 1. HP: 18/18 MP: 1/1
    74 | D:3      | Noticed Grinder
    83 | D:3      | Slain by Grinder

Illustrated notes

Levels and vault maps discovered:
D:1:      lemuel_arrival_rhombus, layout_rooms
D:2:      layout_loops_ring, minivault_5, uniq_robin, uniq_sigmund
D:3:      layout_basic, minmay_cut_off, uniq_terence, uniq_grinder,
          uniq_jessica, uniq_natasha

Action                     || total
---------------------------++-------
  Melee: Falchion          ||    10
Ability: Hop               ||     1
    Use: Potion            ||     2
 Armour: Robe              ||     4
  Dodge: Dodged            ||     5
